 Dungeon Crawl Stone Soup version 0.27.0-65-ge2af304b15 (webtiles) character file.

Game seed: 12867901879308586144

151 zdrol the Skirmisher (level 5, -3/47 HPs)
             Began as a Minotaur Fighter on Aug 18, 2021.
             Slain by an ice beast (14 damage)
             ... on level 3 of the Dungeon.
             The game lasted 00:13:41 (1684 turns).

zdrol the Skirmisher (Minotaur Fighter)             Turns: 1684, Time: 00:13:42

Health: -3/47      AC:  7    Str: 20    XL:     5   Next: 10%
Magic:  4/4        EV:  7    Int:  5    God:
Gold:   59         SH:  9    Dex: 11    Spells: 4/4 levels left

rFire    . . .     SeeInvis .   p - +2 hand axe (vorpal)
rCold    . . .     Faith    .   c - +0 kite shield
rNeg     . . .     Spirit   .   b - +0 scale mail
rPois    .         Reflect  .   (helmet restricted)
rElec    .         Harm     .   i - scarf {repulsion}
rCorr    .         Rampage  .   (no gloves)
Will     .....                  (no boots)
Stlth    ..........             (no amulet)
HPRegen  0.15/turn              (no ring)
MPRegen  0.09/turn              (no ring)

@: repel missiles
A: horns 2, retaliatory headbutt
a: no special abilities


You were on level 3 of the Dungeon.
You visited 1 branch of the dungeon, and saw 3 of its levels.

You collected 59 gold pieces.

Inventory:

Hand Weapons
 a - a +0 war axe
 j - a +4 quarterstaff of chaos
 l - a +1 mace of holy wrath
 p - a +2 vorpal hand axe (weapon)
Missiles
 h - 16 sling bullets
 m - 12 poisoned darts (quivered)
Armour
 b - a +0 scale mail (worn)
 c - a +0 kite shield (worn)
 i - a scarf of repulsion (worn)
 k - a +0 cloak
 q - a +0 ring mail
Scrolls
 e - 3 scrolls of teleportation {unknown}
 f - a scroll of holy word {unknown}
Potions
 d - a potion of might
 g - a potion of attraction {unknown}
 n - a potion of heal wounds {unknown}
 o - a potion of curing {unknown}


   Skills:
 + Level 4.8 Fighting
 + Level 3.5(3.7) Axes
 + Level 1.6(2.8) Maces & Flails
 + Level 4.5 Armour
 + Level 0.6 Dodging
 + Level 0.1 Stealth
 - Level 4.4 Shields


You had 4 spell levels left.
You didn't know any spells.
Your spell library was empty.

Dungeon Overview and Level Annotations

Branches:
Dungeon (3/15)

Altars:

Shops:
D:1 =


Innate Abilities, Weirdness & Mutations

You have a pair of horns on your head.
You reflexively headbutt those who attack you in melee.


Message History

The ice beast hits you but does no damage.
You hit the ice beast.
The ice beast is lightly wounded.
The ice beast hits you. The ice beast freezes you!
You hit the ice beast.
The ice beast is moderately wounded.
The ice beast hits you but does no damage. x2
You hit the ice beast but do no damage.
The ice beast is moderately wounded.
You block the ice beast's attack.
You hit the ice beast but do no damage.
The ice beast is moderately wounded.
The ice beast hits you but does no damage.
You closely miss the ice beast.
The ice beast is moderately wounded.
The ice beast hits you but does no damage.
You block the ice beast's attack.
You completely miss the ice beast. Your headbutt misses the ice beast.
The ice beast is moderately wounded.
You block the ice beast's attack.
You hit the ice beast. You headbutt the ice beast.
The ice beast is moderately wounded.
The ice beast hits you. The ice beast freezes you!
You hit the ice beast.
The ice beast is severely wounded.
The ice beast hits you. The ice beast freezes you!
* * * LOW HITPOINT WARNING * * *
The ice beast hits you but does no damage.
You hit the ice beast.
The ice beast is severely wounded.
You block the ice beast's attack.
You hit the ice beast but do no damage.
The ice beast is severely wounded.
You block the ice beast's attack.
You hit the ice beast. Your headbutt misses the ice beast.
The ice beast is almost dead.
You block the ice beast's attack. The ice beast hits you.
* * * LOW HITPOINT WARNING * * *
The ice beast freezes you!
You die...

######### #.......#
#.#####.# #.# #.# #.#
#.# #.# #@#
##########.###..Y...#
.............+..........
##########.###......####
#.# #......# #.#
#......# #.# #......# .
#.# ###+#... .. ...


You could see an ice beast.

Vanquished Creatures
  Crazy Yiuf (D:2)
  Natasha (twice) (D:2)
  2 adders (D:2)
  A dart slug (D:1)
  An orc (D:3)
  3 ball pythons
  3 endoplasms
  2 giant cockroaches (D:1)
  3 goblins
  2 hobgoblins (D:2)
  11 jackals
  5 kobolds
  2 quokkas
  4 bats
  3 frilled lizards
  5 rats
50 creatures vanquished.

Notes
Turn   | Place    | Note
-------+----------+-------------------------------------------
     0 | D:1      | zdrol the Minotaur Fighter began the quest for the Orb.
     0 | D:1      | Reached XP level 1. HP: 19/19 MP: 0/0
   257 | D:1      | Reached XP level 2. HP: 21/27 MP: 1/1
   459 | D:1      | Found Teq Eggu's Jewellery Emporium.
  1010 | D:2      | Found a runed translucent door.
  1011 | D:2      | Noticed Crazy Yiuf
  1016 | D:2      | Killed Crazy Yiuf
  1017 | D:2      | Reached XP level 3. HP: 33/33 MP: 2/2
  1142 | D:2      | Reached XP level 4. HP: 38/41 MP: 3/3
  1145 | D:2      | Noticed Natasha
  1158 | D:2      | Killed Natasha
  1327 | D:2      | Found a faded altar of an unknown god.
  1340 | D:2      | Reached skill level 1 in Maces & Flails
  1508 | D:2      | Noticed Natasha
  1517 | D:2      | Killed Natasha
  1518 | D:2      | Reached XP level 5. HP: 43/47 MP: 4/4
  1668 | D:3      | Noticed an ice beast
  1684 | D:3      | Slain by an ice beast

Illustrated notes

Levels and vault maps discovered:
D:1:      dpeg_arrival_refuge, layout_basic, serial_shops, shop
D:2:      layout_basic, chequers_ecumenical_altar_simple_redux,
          minmay_surrounded, uniq_crazy_yiuf_cottage, uniq_natasha
D:3:      layout_basic, vehumet_crystals, serial_shops, shop,
          nicolae_shop_trees, gammafunk_ghost_grave

Skill      XL: |  1  2  3  4 |
---------------+-------------+-----
Fighting       | 4 |  4.8
Armour         | 4 |  4.5
Shields        | 4 |  4.4
Axes           | 3 |  3.5
Maces & Flails | 1 |  1.6
Dodging        | |  0.6
Stealth        | |  0.1

Action                   |  1- 3 |  4- 6 || total
-------------------------+-------+-------++-------
Melee: War axe           |    56 |       ||    56
       Headbutt          |    10 |    12 ||    22
       Mace              |     9 |    48 ||    57
       Hand axe          |       |    15 ||    15
Armor: Scale mail        |    26 |    31 ||    57
Dodge: Dodged            |    28 |    14 ||    42
Block: Kite shield       |    45 |    38 ||    83
